Map: Mech Depot LE

Players

ZenedoR - Winner!

  • Race: Zerg Zerg
  • League: Master
  • Spawn Location: 7:00

Jinn

  • Race: Terran Terran
  • League: Grandmaster
  • Spawn Location: 1:00

Event: HopeTL

VOD

https://www.youtube.com/watch?v=fIOJgj8wW98&list=PL9QsjkBYtQM7NVZEDVfaNugqO61aBOlm6&index=1

Description

Time

  • Played on: Oct. 15, 2017, 7:08 p.m.
  • Length: 3:29
Show
View Real Time Build Order
Export as new Build Order

ZenedoR Zerg - Winner!

Build Orders: Pool First 

Get SALT Encoding   

  12  0:01  Drone  
  13  0:08  Drone  
  14  0:15  Extractor  
  14  0:16  Drone  
  14  0:32  Spawning Pool  
  14  0:35  Drone  
  14  0:43  Overlord  
  14  1:02  Drone  
  15  1:19  Zergling x6  
  15  1:20  Metabolic Boost  
  15  1:25  Queen  
  20  1:30  Zergling x2  
  21  1:41  Zergling x2  
  22  1:49  Evolution Chamber  
  22  1:52  Zergling x2  
  22  2:11  Hatchery  
  22  2:14  Overlord  
  21  2:28  Zergling x2  
  22  2:40  Zergling x2  
  22  2:41  Zergling x6  
  26  2:47  Zergling x2  
  25  3:09  Zergling x4  
Show
View Real Time Build Order
Export as new Build Order

Jinn Terran 

Build Orders:  

Get SALT Encoding   

  12  0:00  SCV  
  13  0:13  SCV  
  14  0:18  Supply Depot  
  14  0:25  SCV  
  15  0:34  Refinery  
  15  0:40  SCV  
  16  0:44  Barracks  
  16  0:52  SCV  
  17  1:04  SCV  
  18  1:16  SCV  
  19  1:28  SCV  
  20  1:33  Reaper  
  21  1:40  Orbital Command  
  21  1:47  Command Center  
  21  1:58  Factory  
  21  2:04  Refinery  
  21  2:06  SCV  
  22  2:10  Barracks Reactor  
  22  2:15  Supply Depot  
  21  2:29  Command Center  
  20  2:38  Marine  
  20  2:43  Hellion  
  21  2:45  SCV  
  13  2:58  SCV  
Tags
 
Add a new tag
Caveats
  • Supply blocks, unpowered buildings, or Contaminate may cause inaccurate times.
  • Supply counts are checked every 10 seconds.